 Dungeon Crawl Stone Soup version 0.19.6-3-g7d5932f76a (webtiles) character file.

3015 EnegeticOcto the Destroyer (level 9, 0/56 HPs)
             Began as a High Elf Conjurer on Feb 8, 2021.
             Was an Initiate of Vehumet.
             Slain by a warg (12 damage)
             ... on level 8 of the Dungeon.
             The game lasted 00:24:20 (3184 turns).

EnegeticOcto the Destroyer (High Elf Conjurer)      Turns: 3184, Time: 00:24:20

Health: 0/56       AC:  5    Str:  7    XL:     9   Next: 55%
Magic:  1/20       EV: 12    Int: 22    God:    Vehumet [......]
Gold:   281        SH:  5    Dex: 17    Spells: 5 memorised, 9 levels left

rFire  + . .     SeeInvis .     z - staff of conjuration
rCold  . . .     Gourm    .     a - +0 robe
rNeg   + . .     Faith    .     n - +0 buckler
rPois  .         Spirit   .     C - +1 helmet (curse)
rElec  .         Reflect  .     t - +0 cloak
rCorr  .         Harm     .     (no gloves)
MR     .....                    (no boots)
Stlth  ++........               (no amulet)
                                l - ring of protection from fire
                                j - ring of positive energy

@: no status effects
A: no striking features
a: Renounce Religion


You were on level 8 of the Dungeon.
You worshipped Vehumet.
Vehumet was noncommittal.
You were not hungry.

You visited 2 branches of the dungeon, and saw 10 of its levels.

You collected 281 gold pieces.

Inventory:

Hand Weapons
 d - a +0 spear
   (You found it on level 1 of the Dungeon)
 f - a +2 dagger of draining
   (You took it off a goblin on level 2 of the Dungeon)
 k - a +4 scythe of venom
   (You took it off Sigmund on level 3 of the Dungeon)
 F - the +10 dagger "Apokyon" {pierce, MP-9 Str+4 Dex+7, unknown}
   (You found it on level 6 of the Dungeon)

   It inflicts extra damage upon your enemies.
   It affects your strength (+4).
   It affects your dexterity (+7).
   It affects your magic capacity (-9).
Armour
 a - a +0 robe (worn)
 n - a +0 buckler (worn)
   (You found it on level 4 of the Dungeon)
 t - a +0 cloak (worn)
   (You found it on level 7 of the Dungeon)
 C - a cursed +1 helmet (worn)
   (You found it on level 7 of the Dungeon)
Magical Staves
 z - an uncursed staff of conjuration (weapon)
   (You found it on level 6 of the Dungeon)
Rods
 r - a +0 lightning rod (5/14)
   (You found it on level 6 of the Dungeon)
Jewellery
 j - a ring of positive energy (left hand)
   (You found it on level 2 of the Dungeon)
 l - a ring of protection from fire (right hand)
   (You found it on level 4 of the Dungeon)
Wands
 y - a wand of random effects (19/48)
   (You found it on level 7 of the Dungeon)
 G - a wand of polymorph (9/24)
   (You found it on level 6 of the Dungeon)
 K - a wand of iceblast (0/15) {@v2}
   (You found it on level 6 of the Dungeon)
Scrolls
 h - 4 scrolls of remove curse {@r2}
 A - 2 scrolls of enchant armour
 L - a scroll of identify {@r1}
 M - a scroll of immolation {unknown}
Potions
 e - 3 potions of curing {@q1 !q}
 g - 2 potions of haste {unknown}
 i - a potion of agility
 o - 2 potions of berserk rage
 p - a potion of brilliance
 s - a potion of ambrosia
 D - a potion of beneficial mutation {unknown}
 H - a potion of flight {unknown}
 I - a potion of might {unknown}
 J - a potion of lignification {unknown}
Books
 b - a book of Conjurations

   Spells                             Type                      Level
   a - Magic Dart                     Conjuration                  1
   b - Searing Ray                    Conjuration                  2
   c - Dazzling Spray                 Conjuration/Hexes            3
   d - Fulminant Prism                Conjuration/Hexes            4
   e - Iskenderun's Mystic Blast      Conjuration                  4
   f - Iskenderun's Battlesphere      Conjuration/Charms           5
 q - a book of Minor Magic
   (You found it on level 5 of the Dungeon)

   Spells                             Type                      Level
   a - Magic Dart                     Conjuration                  1
   b - Blink                          Translocation                2
   c - Call Imp                       Summoning                    2
   d - Repel Missiles                 Charms/Air                   2
   e - Slow                           Hexes                        2
   f - Conjure Flame                  Conjuration/Fire             3
   g - Mephitic Cloud                 Conjuration/Poison/Air       3
 x - a book of Party Tricks
   (You found it on level 7 of the Dungeon)

   Spells                             Type                      Level
   a - Summon Butterflies             Summoning                    1
   b - Apportation                    Translocation                1
   c - Lesser Beckoning               Translocation                3
   d - Tukima's Dance                 Hexes                        3
   e - Alistair's Intoxication        Transmutation/Poison         5
   f - Invisibility                   Hexes                        6
 B - a book of Cantrips
   (You found it on level 7 of the Dungeon)

   Spells                             Type                      Level
   a - Confusing Touch                Hexes                        1
   b - Animate Skeleton               Necromancy                   1
   c - Summon Small Mammal            Summoning                    1
   d - Apportation                    Translocation                1
Comestibles
 c - 6 bread rations
 m - a royal jelly
 u - 2 beef jerkies
 v - a chunk of flesh
 w - 16 fruits
 E - 3 meat rations


   Skills:
 - Level 3.0 Fighting
 - Level 2.1 Dodging
 - Level 2.1 Stealth
 + Level 2.7 Shields
 + Level 7.1 Spellcasting
 + Level 10.3 Conjurations
 - Level 8.0 Charms


You had 9 spell levels left.
You knew the following spells:

 Your Spells              Type           Power        Failure   Level  Hunger
a - Magic Dart            Conj           ####         1%          1    None
b - Searing Ray           Conj           ######       1%          2    None
c - Iskenderun's Mystic   Conj           ######..     1%          4    ###....
d - Iskenderun's Battles  Conj/Chrm      ######..     10%         5    #####..
e - Apportation           Tloc           #.........   12%         1    None


Dungeon Overview and Level Annotations

Branches:
Dungeon (9/15)             Temple (1/1) D:7
   Lair: D:8-11         Orc: D:9-12

Altars:
Ashenzari
Cheibriados
Dithmenos
Fedhas
Gozag
Hepliaklqana
Kikubaaqudgha
Nemelex Xobeh
Okawaru
Qazlal
Ru
Trog
Uskayaw
Vehumet
Xom
Yredelemnul
Zin
The Shining One

Shops:
D:5 =   D:8 (

Annotations:
D:2 Terence


Message History

Press: ? - help, Shift-Dir - straight line, f/p - orc warrior
Aim: an orc warrior, wielding a short sword and wearing a plate armour (moderately wounded)
You feel a surge of power!
The magic dart hits the orc warrior.
The orc warrior is moderately wounded.
Your battlesphere fires!
The barrage of energy hits the orc warrior.
The orc warrior is heavily wounded.
Casting: Magic Dart
Confirm with . or Enter, or press ? or * to list all spells.
Aiming: Magic Dart
Press: ? - help, Shift-Dir - straight line, f/p - orc warrior
Aim: an orc warrior, wielding a short sword and wearing a plate armour (heavily wounded)
You feel a surge of power!
The magic dart hits the orc warrior.
The orc warrior is heavily wounded.
Your battlesphere fires!
The barrage of energy hits the orc warrior.
The orc warrior is almost dead.
Casting: Magic Dart
Confirm with . or Enter, or press ? or * to list all spells.
Aiming: Magic Dart
Press: ? - help, Shift-Dir - straight line, f/p - orc warrior
Aim: an orc warrior, wielding a short sword and wearing a plate armour (almost dead)
You feel a surge of power!
The magic dart hits the orc warrior.
You kill the orc warrior!
Vehumet accepts your kill.
Your battlesphere fires!
You swap places.
Things that are here:
a short sword; a plate armour; an orc corpse You butcher the orc corpse.
You are feeling hungry.
v - 2 chunks of flesh (gained 1)
Things that are here:
a short sword; a plate armour You swap places.
Eat one of 2 chunks of flesh? (ye/n/q)
You start eating one of the 2 chunks of flesh.
This raw flesh tastes terrible.
There is a radiant altar of Vehumet here.
A worker ant comes into view.
The worker ant moves out of view.
Casting: Magic Dart
Confirm with . or Enter, or press ? or * to list all spells.
Aiming: Magic Dart
Press: ? - help, Shift-Dir - straight line, f - worker ant
Aim: a worker ant You feel a surge of power!
The magic dart hits the worker ant.
Your battlesphere fires!
The barrage of energy hits the worker ant.
The worker ant is almost dead.
Casting: Magic Dart
Confirm with . or Enter, or press ? or * to list all spells.
Aiming: Magic Dart
Press: ? - help, Shift-Dir - straight line, f/p - worker ant
Aim: a worker ant (almost dead)
You feel a surge of power!
The magic dart hits the worker ant.
You kill the worker ant!
Vehumet accepts your kill.
Your battlesphere fires!
A warg comes into view.
A quokka zombie comes into view.
Casting: Magic Dart
Confirm with . or Enter, or press ? or * to list all spells.
Aiming: Magic Dart
Press: ? - help, Shift-Dir - straight line, f - warg
Aim: a warg You feel a surge of power!
The magic dart hits the warg.
The warg is lightly wounded.
Your battlesphere fires!
The barrage of energy hits the warg.
The warg is moderately wounded.
Casting: Magic Dart
Confirm with . or Enter, or press ? or * to list all spells.
Aiming: Magic Dart
Press: ? - help, Shift-Dir - straight line, f/p - warg
Aim: a warg (moderately wounded)
You feel a surge of power!
The magic dart hits the warg.
The warg is moderately wounded.
Your battlesphere fires!
The barrage of energy hits the warg.
The warg is severely wounded.
The warg bites you!
Casting: Magic Dart
Confirm with . or Enter, or press ? or * to list all spells.
Aiming: Magic Dart
Press: ? - help, Shift-Dir - straight line, f/p - warg
Aim: a warg (severely wounded)
You feel a surge of power!
The magic dart hits the warg.
The warg is severely wounded.
Your battlesphere fires!
The barrage of energy hits the warg.
The warg is almost dead.
Your battlesphere expends the last of its energy and dissipates.
The warg bites you!
* * * LOW HITPOINT WARNING * * *
Evoke which item? (* to show all) (? for menu, Esc to quit)
Zapping:
K - a wand of iceblast {zapped: 12} {@v2} (will waste charges)
Press: ? - help, Shift-Dir - straight line, p - warg Nothing appears to happen.
The warg bites you!
You die...

##....####..(.#
...#####....############
.#######.#######......<#
......##......#..>.....#
#####..[...............#
##.........####.#.......
###.#.....####..#.......
##...#.....##...##........
####..###.......@####........
..............ยง..hZ..........
####.########.._.....##......
####.########..#####........
...............# ##..
.....#########.# .
.........#####.#######
..######.............. ...#
#######.#######


You could see a warg and a quokka zombie.

Vanquished Creatures
  A hippogriff (D:8)
  Grinder (D:5)
  4 yaks
  Sigmund (D:3)
  Menkaure (D:6)
  4 ice beasts
  2 orc warriors
  3 ogres
  A centaur (D:8)
  2 scorpions
  2 crimson imps
  4 orc priests
  A bullfrog skeleton (D:5)
  4 hounds
  A jelly (D:7)
  Jessica (D:2)
  4 iguanas
  7 worker ants
  2 hound zombies
  A hound skeleton (D:5)
  2 adders
  A shadow imp (D:5)
  An ooze (D:2)
  2 worms
  A dart slug (D:3)
  5 leopard geckos
  13 orcs
  2 bats
  4 giant cockroaches
  4 goblins
  3 hobgoblins
  5 jackals
  2 quokkas
  3 frilled lizards
  2 kobolds (D:3)
  A leopard gecko skeleton (D:6)
  A leopard gecko zombie (D:7)
  5 rats
104 creatures vanquished.

Notes
Turn   | Place    | Note
-------+----------+-------------------------------------------
     0 | D:1      | EnegeticOcto the High Elf Conjurer began the quest for the Orb.
     0 | D:1      | Reached XP level 1. HP: 11/11 MP: 4/4
   107 | D:2      | Reached XP level 2. HP: 3/17 MP: 3/6
   112 | D:2      | Learned a level 2 spell: Searing Ray
   112 | D:2      | Reached skill level 5 in Conjurations
   138 | D:2      | Found a sparkling altar of Nemelex Xobeh.
   161 | D:2      | Noticed Terence
   176 | D:2      | Noticed Jessica
   182 | D:2      | Killed Jessica
   182 | D:2      | Reached XP level 3. HP: 9/21 MP: 1/7
   365 | D:3      | Reached skill level 6 in Conjurations
   367 | D:3      | Reached XP level 4. HP: 27/27 MP: 3/8
   493 | D:3      | Noticed Sigmund
   499 | D:3      | Killed Sigmund
   499 | D:3      | Reached skill level 7 in Conjurations
   499 | D:3      | Reached XP level 5. HP: 19/31 MP: 0/9
   545 | D:4      | Learned a level 4 spell: Iskenderun's Mystic Blast
   564 | D:4      | Reached XP level 6. HP: 25/36 MP: 2/11
   593 | D:4      | Reached skill level 3 in Spellcasting
   630 | D:4      | Reached skill level 4 in Spellcasting
   678 | D:4      | Reached skill level 5 in Spellcasting
   688 | D:4      | Learned a level 5 spell: Iskenderun's Battlesphere
   746 | D:5      | Entered Level 5 of the Dungeon
   770 | D:5      | Reached skill level 8 in Conjurations
   781 | D:5      | Noticed Grinder
   818 | D:5      | Reached skill level 2 in Charms
   818 | D:5      | Reached XP level 7. HP: 23/41 MP: 0/15
   874 | D:5      | Reached skill level 3 in Charms
   910 | D:6      | Noticed Menkaure
   915 | D:6      | Killed Menkaure
  1005 | D:7      | Reached skill level 9 in Conjurations
  1005 | D:7      | Reached skill level 4 in Charms
  1147 | D:7      | Found a hide-covered altar of Uskayaw.
  1167 | D:7      | Learned a level 1 spell: Apportation
  1194 | D:7      | Reached XP level 8. HP: 46/46 MP: 14/16
  1219 | D:7      | Found a bloodstained altar of Trog.
  1306 | D:7      | Found a snail-covered altar of Cheibriados.
  1309 | D:7      | Reached skill level 5 in Charms
  1490 | D:7      | Reached skill level 6 in Charms
  1583 | D:6      | Got a smoking dagger
  1728 | D:5      | Killed Grinder
  1728 | D:5      | Reached skill level 7 in Charms
  1830 | D:5      | Found Coenlim's Jewellery Emporium.
  1844 | D:5      | Reached skill level 8 in Charms
  1976 | D:5      | Reached skill level 1 in Fighting
  2150 | D:6      | Found a stormy altar of Qazlal.
  2271 | D:6      | Reached skill level 2 in Fighting
  2686 | D:7      | Found a staircase to the Ecumenical Temple.
  2691 | Temple   | Entered the Ecumenical Temple
  2823 | D:8      | Found a sacrificial altar of Ru.
  2847 | D:8      | Found Dauz's Antique Weapon Shop.
  2925 | D:8      | Found a radiant altar of Vehumet.
  2926 | D:8      | Noticed a hippogriff
  2939 | D:8      | Reached XP level 9. HP: 55/55 MP: 6/18
  2940 | D:8      | Reached skill level 3 in Fighting
  2940 | D:8      | Reached skill level 6 in Spellcasting
  2951 | D:8      | Became a worshipper of Vehumet
  2988 | D:9      | Reached skill level 1 in Shields
  3002 | D:9      | Reached skill level 10 in Conjurations
  3040 | D:8      | Reached skill level 2 in Shields
  3091 | D:8      | Reached skill level 7 in Spellcasting
  3184 | D:8      | Slain by a warg

Skill      XL: |  1  2  3  4  5  6  7  8  9 |
---------------+----------------------------+-----
Conjurations   | 5 6 7 8 9 10 | 10.3
Spellcasting   | 5 7 |  7.1
Charms         | 2 4 8 |  8.0
Fighting       | 2 3 |  3.0
Shields        | 2 |  2.7
Dodging        | |  2.1
Stealth        | |  2.1

Action                   |  1- 3 |  4- 6 |  7- 9 || total
-------------------------+-------+-------+-------++-------
Melee: Unarmed           |    12 |       |       ||    12
       Spear             |     7 |       |       ||     7
       Dagger            |     8 |    28 |       ||    36
       Scythe            |       |     2 |     4 ||     6
       Staff             |       |       |     9 ||     9
 Cast: Magic Dart        |    26 |    16 |    87 ||   129
       Searing Ray       |     3 |     8 |    27 ||    38
       Iskenderun's Myst |       |     3 |       ||     3
       Iskenderun's Batt |       |       |     4 ||     4
Evoke: Rod               |       |       |     8 ||     8
       Wand              |       |       |     5 ||     5
  Use: Potion            |     1 |       |       ||     1
       Scroll            |       |     3 |     9 ||    12
 Stab: Sleeping          |     2 |     1 |       ||     3
  Eat: Bread ration      |       |       |     1 ||     1
       Chunk             |       |       |     6 ||     6
Armor: Robe              |     4 |     1 |    18 ||    23
Dodge: Dodged            |    18 |    26 |    43 ||    87
Block: Buckler           |       |       |     1 ||     1
